 Dungeon Crawl Stone Soup version 0.32-a0-913-g739538afd8 (webtiles) character file.

Game seed: 3945732550806379444

57 Persimmon the Digger (level 3, -1/26 HPs)
             Began as a Draconian Earth Elementalist on Apr 8, 2024.
             Slain by Sigmund
             ... wielding a +0 scythe
              (3 damage)
             ... on level 2 of the Dungeon.
             The game lasted 00:20:19 (2472 turns).

Persimmon the Digger (Draconian Earth Elementalist) Turns: 2472, Time: 00:20:20

Health: -1/26      AC:  6    Str: 10    XL:     3   Next: 73%
Magic:  7/7        EV: 11    Int: 17    God:
Gold:   85         SH:  0    Dex: 11    Spells: 0/7 levels left

rFire   + . .        c - +0 dagger
rCold   . . .        (no shield)
rNeg    . . .        (body armour unavailable)
rPois   .            (helmet restricted)
rElec   .            (no cloak)
rCorr   .            (no gloves)
SInv    .            k - +0 pair of boots
Will    +....        g - amulet of regeneration
Stlth   ++           f - ring of protection from fire
HPRegen 1.04/turn    (no ring)
MPRegen 0.10/turn

%: no passive effects
@: mighty, about to teleport, enlightened, flying
A: AC +5, unfitting armour, cold-blooded
a: no special abilities


You were on level 2 of the Dungeon.
You visited 1 branch of the dungeon, and saw 2 of its levels.

You collected 85 gold pieces.

Inventory:

Hand Weapons
 b - a +0 mace
 c - a +0 dagger (weapon)
Missiles
 m - 6 poisoned darts
Armour
 k - a +0 pair of boots (worn)
Jewellery
 f - a ring of protection from fire (left hand)
 g - an amulet of regeneration (around neck)
 o - an amulet of reflection
Talismans
 n - a serpent talisman
Scrolls
 e - a scroll of teleportation
 j - a scroll of silence {unknown}
Potions
 a - a potion of magic


   Skills:
 - Level 1.7 Dodging
 - Level 1.7 Stealth
 + Level 2.8 Spellcasting
 + Level 2.2 Conjurations
 + Level 3.6 Earth Magic


You couldn't memorise any spells.
You knew the following spells:

 Your Spells              Type           Power      Damage    Failure   Level
a - Sandblast             Erth           28%        2d8       4%          1
b - Passwall              Erth           14%        N/A       12%         3
c - Stone Arrow           Conj/Erth      24%        3d8       16%         3

Your spell library contained the following spells:

 Spells                   Type           Power      Damage    Failure   Level
 Shock                    Conj/Air       24%        1d4       12%         1
 Swiftness                Air            2%         N/A       47%         3
 Brom's Barrelling Bould  Conj/Erth      12%        2d4       47%         4
 Petrify                  Alch/Erth      8%         N/A       63%         4
 Airstrike                Air            1%         2d(1-17)  87%         4


Dungeon Overview and Level Annotations

Branches:
Dungeon (2/15)

Altars:

Shops:
D:1 (*

Annotations:
D:2 Sigmund, Terence


Innate Abilities, Weirdness & Mutations

Your plain brown scales are hard. (AC +5)
You cannot fit into any form of body armour.
You are cold-blooded and may be slowed by cold attacks.


Message History

Terence attacks as he pursues you! Terence closely misses you.
You are confused.
You're too confused to cast spells.
Unknown command.
Okay, then.
You are too confused!
You miss Terence. Terence hits you with a +0 hand axe.
It was a potion of heal wounds.
You feel much better. Terence barely misses you.
It was a potion of might.
You feel very mighty all of a sudden. Terence hits you with a +0 hand axe.
You closely miss Terence.
Your tail-slap misses Terence.
You feel less confused. Terence hits you with a +0 hand axe.
You hear some strange, mumbled words.
Something tries to affect you, but you resist.
You hit Terence but do no damage. Terence hits you but does no damage.
Something hits you.
It was a potion of enlightenment.
You feel very buoyant.
You fly up into the air.
Terence hits you with a +0 hand axe.
Okay, then.
As you read the scroll labelled TUTTUERHOI, it crumbles to dust.
You feel strangely unstable.
It was a scroll of teleportation.
A magic dart appears from out of thin air!
The magic dart hits you. Terence hits you with a +0 hand axe.
Okay, then.
The air fills with toxic fumes!
As you read the scroll labelled MEIT GASSE, it crumbles to dust.
It was a scroll of poison.
Something hits you!
* * * LOW HITPOINT WARNING * * *
Terence closely misses you.
Okay, then.
As you read the scroll labelled SUFFUS QECOAPN, it crumbles to dust.
The creatures around you are filled with an inner flame!
It was a scroll of immolation.
Terence bares his teeth.
Terence barely misses you. Something hits you.
You die...

#.........# #...........#
#....§##### #............
#....§§§# #..§.........
##...§§§#######
#.§§.........
#..)§§§§§§§§§###§§..........
#...§§§§§§§§§§§§#######..###
#...§§§§§§§§§§§§§§§....>.#
#...§§§§§§§@§§§§§§§......#
###.§§§§§{§@§§§§§§§......#
########§§§§§§§§§......#
#§§§§§§§§§......#
#§§§§§§§§§......#
#§§§##§§§§......#
#§§§##§§§§......#
#§§§############# #§§§#
#...#


You could see Terence (inner flame).

Vanquished Creatures
  An adder (D:2)
  A dart slug (D:2)
  5 endoplasms
  7 giant cockroaches
  4 goblins
  2 hobgoblins (D:1)
  4 jackals (D:1)
  3 kobolds
  A quokka (D:1)
  3 ball pythons
  2 bats (D:1)
  3 frilled lizards
  7 rats
43 creatures vanquished.

Notes
Turn   | Place    | Note
-------+----------+-------------------------------------------
     0 | D:1      | Persimmon the Draconian Earth Elementalist began the quest
                  | for the Orb.
     0 | D:1      | Reached XP level 1. HP: 14/14 MP: 3/3
   134 | D:1      | Reached XP level 2. HP: 17/20 MP: 5/5
   305 | D:1      | Found Uqauptikh's Assorted Antiques.
   367 | D:1      | Found Jeashox's Antique Weapon Shop.
  1219 | D:1      | Reached XP level 3. HP: 26/26 MP: 4/6
  1242 | D:1      | Learned a level 3 spell: Passwall
  1246 | D:1      | Learned a level 3 spell: Stone Arrow
  2002 | D:2      | Noticed Terence
  2032 | D:2      | Noticed Sigmund
  2471 | D:2      | HP: 1/26 [something (8)]
  2472 | D:2      | Slain by Sigmund

Illustrated notes

Levels and vault maps discovered:
D:1:      psy_arrival_terrarium, layout_basic, serial_shops, shop,
          nicolae_shop_dealshenge
D:2:      layout_basic, uniq_sigmund, uniq_terence

Skill      XL: |  1  2  3 |
---------------+----------+-----
Conjurations   | 2 |  2.2
Dodging        | |  1.7
Stealth        | |  1.7
Spellcasting   | |  2.8
Earth Magic    | |  3.6

Action                     || total
---------------------------++-------
  Melee: Unarmed           ||    19
         Tailslap          ||    10
         Dagger            ||    50
   Cast: Sandblast         ||    45
         Stone Arrow       ||     2
    Use: Scroll            ||     3
         Potion            ||     3
 Armour: Skin              ||    51
  Dodge: Dodged            ||    63

Table legend: (Time is in decaauts)
 A = Elapsed time spent in this place.
 B = Non-inter-level travel time spent in this place.
 C = Inter-level travel time spent in this place.
 D = Time resting spent in this place.
 E = Time spent auto-exploring this place.
 F = Levels seen in this place.
 G = Mean time per level.
                   A        B        C        D        E       F      G
               +--------+--------+--------+--------+--------+-----+--------+
         Total |   2492 |   2431 |     61 |    737 |    285 |   2 | 1246.0 |
       Dungeon |   2492 |   2431 |     61 |    737 |    285 |   2 | 1246.0 |
               +--------+--------+--------+--------+--------+-----+--------+

Top non-repeatable levels by time:
     D:1: 1467 daAuts
     D:2: 1025 daAuts
